 Dungeon Crawl Stone Soup version 0.27-a0-1456-gf5a116941d (webtiles) character file.

Game seed: 96222077386249557

11447 wesbby the Carver (level 11, -6/99 HPs)
             Began as a Minotaur Berserker on July 6, 2021.
             Was a High Priest of Trog.
             Mangled by a boulder beetle (19 damage)
             ... on level 10 of the Dungeon.
             The game lasted 00:31:52 (10316 turns).

wesbby the Carver (Minotaur Berserker)             Turns: 10316, Time: 00:31:52

Health: -6/99      AC: 16    Str: 22 (25) XL:     11   Next: 49%
Magic:  0/10       EV: 11    Int:  1 (4)  God:    Trog [*****.]
Gold:   298        SH:  4    Dex:  7 (10) Spells: 10/10 levels left

rFire    . . .     SeeInvis +   F - +4 scimitar (flame)
rCold    + . .     Faith    .   h - +0 buckler
rNeg     . . .     Spirit   +   v - +3 scale mail {rC+}
rPois    .         Reflect  .   (helmet restricted)
rElec    .         Harm     .   e - +1 cloak
rCorr    .         Rampage  .   B - +1 pair of gloves
Will     ++...     Rnd*Rage +   (no boots)
Stlth    ..........             r - amulet of guardian spirit
HPRegen  1.26/turn              c - ring of ice
MPRegen  0.12/turn              K - ring of fire

@: strong-willed, on berserk cooldown, regenerating, slowed, very slow
A: horns 2, retaliatory headbutt, see invisible, berserk 1
a: Renounce Religion, Berserk, Trog's Hand, Brothers in Arms


You were on level 10 of the Dungeon.
You worshipped Trog.
Trog was extremely pleased with you.
You visited 1 branch of the dungeon, and saw 11 of its levels.

You collected 487 gold pieces.
You spent 189 gold pieces at shops.

Inventory:

Hand Weapons
 a - a +2 falchion
 o - a +0 mace
 t - a +4 scimitar
 u - a +3 scimitar
 y - a +0 dagger of venom
 F - a +4 scimitar of flaming (weapon)
Missiles
 i - a throwing net
 n - 11 curare-tipped darts (quivered)
Armour
 b - a +0 animal skin
 e - a +1 cloak (worn)
 g - a +1 pair of gloves
 h - a +0 buckler (worn)
 p - a +0 scale mail
 q - a +0 chain mail
 v - a +3 scale mail of cold resistance (worn)
 x - a +3 scale mail
 z - a +2 scale mail of poison resistance
 B - a +1 pair of gloves (worn)
Jewellery
 c - a ring of ice (left hand)
 r - an amulet of guardian spirit (around neck)
 H - a +6 ring of dexterity
 K - a ring of fire (right hand)
Wands
 j - a wand of mindburst (27)
 l - a wand of iceblast (12)
 m - a wand of paralysis (8)
 A - a wand of polymorph (8)
Scrolls
 s - 2 scrolls of fear
 w - a scroll of silence
 C - 4 scrolls of identify
 D - a scroll of enchant weapon
 J - a scroll of amnesia
 M - a scroll of vulnerability {unknown}
Potions
 d - a potion of flight
 f - 2 potions of cancellation
 k - 3 potions of lignification
 E - 3 potions of curing
 G - a potion of invisibility {unknown}
 I - a potion of degeneration
 L - a potion of brilliance {unknown}
 N - a potion of resistance {unknown}


   Skills:
 * Level 10.1 Fighting
 * Level 13.4 Long Blades
 * Level 9.7 Armour
 * Level 8.0 Dodging
 + Level 2.4 Stealth
 * Level 6.4 Shields


You had 10 spell levels left.
You didn't know any spells.
Your spell library was empty.

Dungeon Overview and Level Annotations

Branches:
Dungeon (11/15)            Temple (0/1) D:6             Orc (0/2) D:10
   Lair: D:8-11

Altars:
Ashenzari
Elyvilon
Hepliaklqana
Kikubaaqudgha
Makhleb
Sif Muna
Uskayaw
Wu Jian
Xom
Yredelemnul

Shops:
D:2 =   D:6 *   D:10 (

Annotations:
D:4 3 runed translucent doors, snetch's ghost, weakling DjFE; vexzain's ghost, weakling MfVM
D:7 1 runed translucent door, hgbash's ghost, novice DsCj
D:10 4 runed translucent doors


Innate Abilities, Weirdness & Mutations

You have a pair of horns on your head.
You reflexively headbutt those who attack you in melee.
You have supernaturally acute eyesight. (SInv)
You tend to lose your temper in combat.


Message History

The boulder beetle hits you!!!
The boulder beetle stops rolling and uncurls.
You hear a bellow!
The boulder beetle bites you!!
You climb upwards.
Level annotation: 4 runed translucent doors
There is a stone staircase leading down here.
A red film seems to cover your vision as you go berserk!
You feel yourself moving faster!
You feel mighty!
The boulder beetle leaps!
You feel a strong urge to attack something.
The boulder beetle leaps!
You feel your anger nearly subside.
You are no longer berserk.
You are exhausted.
You feel yourself slow down.
The boulder beetle leaps!
A boulder beetle is nearby!
The boulder beetle curls into a ball and begins rolling!
The boulder beetle hits you!!!
* * * LOW HITPOINT WARNING * * *
The boulder beetle stops rolling and uncurls.
Okay, then.
Okay, then.
Okay, then.
Your skin crawls.
You feel strong-willed. The boulder beetle bites you.
* * * LOW HITPOINT WARNING * * *
You barely miss the boulder beetle.
You headbutt the boulder beetle, but do no damage.
The boulder beetle bites you!
* * * LOW HITPOINT WARNING * * *
You hit the boulder beetle but do no damage.
You headbutt the boulder beetle, but do no damage.
The boulder beetle bites you but does no damage.
It was a potion of degeneration.
There was something very wrong with that liquid.
You feel weakened.
You feel dopey.
You feel clumsy. The boulder beetle bites you!!
You die...

.##............#....○.#
.##...........('...°..#
.##########....#...○..#
.#........#....#..#8#.#
##.####...#....#..###)#
##.# #...#....#..###[###
.#.# #...#....#..#.).'.#
.#.####...#....#B.###.###
.#........#....#@.#.'.'.#
.#........#....#..###.###
##........######..#.'.'.#
..................###.###
....#......####...#_'.'.#
....#......# #.>.###.###
...........# #...#.'.'.#
...........# #...###.###
.>....###..# #...#.'.'.#


You could see a boulder beetle.

Vanquished Creatures
  3 two-headed ogres
  An ugly thing (D:10)
  Maggie (D:7)
  An efreet (D:10)
  3 trolls
  2 hornets
  Sigmund (D:6)
  A shadow (D:10)
  9 yaks
  A basilisk (D:9)
  A vampire (D:11)
  A wraith (D:10)
  A wyvern (D:10)
  2 water moccasins
  2 orc warriors (D:9)
  A black bear (D:5)
  2 sky beasts
  3 necrophages (D:10)
  An ogre (D:5)
  A centaur (D:8)
  3 kobold brigands
  A bullfrog (D:8)
  Blork the orc (D:6)
  2 gnoll sergeants
  A water moccasin zombie (D:5)
  2 water moccasin skeletons (D:6)
  A wyvern skeleton (D:6)
  6 killer bees
  6 wights
  3 bullfrog zombies (D:5)
  8 centaur zombies
  5 orc priests
  3 hounds
  6 jellies
  A human zombie (D:10)
  A gnoll shaman (D:10)
  Ijyb (D:3)
  Natasha (twice) (D:3)
  14 orc wizards
  A mummy (D:10)
  2 howler monkey zombies
  A howler monkey skeleton (D:4)
  10 adders
  11 gnolls
  A white imp (D:8)
  4 adder skeletons (D:4)
  3 worms
  3 dart slugs
  33 orcs
  5 bats
  10 endoplasms
  4 giant cockroaches
  5 goblins
  4 hobgoblins
  11 jackals
  17 kobolds
  4 quokkas
  4 ball pythons
  11 frilled lizards
  4 rats
253 creatures vanquished.

Vanquished Creatures (others)
  A hound skeleton (D:4)
  A howler monkey zombie (D:10)
  An orc (D:4)
  3 ball pythons (D:4)
6 creatures vanquished.

Grand Total: 259 creatures vanquished

Notes
Turn   | Place    | Note
-------+----------+-------------------------------------------
     0 | D:1      | wesbby the Minotaur Berserker began the quest for the Orb.
     0 | D:1      | Reached XP level 1. HP: 19/19 MP: 0/0
    10 | D:1      | Found a faded altar of an unknown god.
    85 | D:1      | Reached XP level 2. HP: 27/27 MP: 1/1
   246 | D:1      | Reached skill level 4 in Long Blades
   696 | D:2      | Reached XP level 3. HP: 24/33 MP: 2/2
  1103 | D:2      | Reached ** piety under Trog
  1132 | D:2      | HP: 1/34 [kobold (4)]
  1134 | D:2      | Reached XP level 4. HP: 3/41 MP: 3/3
  1536 | D:2      | Found Gexio's Jewellery Emporium.
  1876 | D:2      | Gained mutation: Your magical capacity is low. (-10% MP)
                  | [potion of mutation]
  1876 | D:2      | Gained mutation: You passively map a small area around you.
                  | [potion of mutation]
  1915 | D:3      | Reached skill level 5 in Long Blades
  2079 | D:3      | Noticed Ijyb
  2083 | D:3      | Killed Ijyb
  2084 | D:3      | Reached XP level 5. HP: 47/47 MP: 3/3
  2379 | D:3      | Noticed Natasha
  2386 | D:3      | Killed Natasha
  2387 | D:3      | Reached skill level 1 in Stealth
  2463 | D:3      | Noticed Natasha
  2468 | D:3      | Killed Natasha
  2468 | D:3      | Reached *** piety under Trog
  2629 | D:4      | Noticed a water moccasin
  2702 | D:4      | Killed a water moccasin
  2703 | D:4      | Reached skill level 5 in Fighting
  2703 | D:4      | Reached skill level 6 in Long Blades
  2703 | D:4      | Reached XP level 6. HP: 56/56 MP: 4/4
  2733 | D:4      | Found a runed translucent door.
  2733 | D:4      | Noticed a human
  2737 | D:4      | Found a basalt altar of Yredelemnul.
  2739 | D:4      | Found a runed translucent gate.
  2740 | D:4      | Found a runed translucent gate.
  2863 | D:4      | Found a runed translucent gate.
  2868 | D:4      | Noticed vexzain's ghost (weakling MfVM)
  2868 | D:4      | Noticed snetch's ghost (weakling DjFE)
  3034 | D:4      | Found an ornate altar of the Wu Jian Council.
  3289 | D:5      | Entered Level 5 of the Dungeon
  3295 | D:5      | Reached skill level 7 in Long Blades
  3412 | D:5      | Reached XP level 7. HP: 61/61 MP: 5/5
  3841 | D:5      | Reached skill level 5 in Armour
  3841 | D:5      | Reached skill level 1 in Shields
  3966 | D:5      | Reached **** piety under Trog
  4081 | D:6      | Noticed a two-headed ogre
  4131 | D:6      | Killed a two-headed ogre
  4132 | D:6      | Reached skill level 8 in Long Blades
  4132 | D:6      | Reached XP level 8. HP: 52/70 MP: 6/6
  4307 | D:6      | Reached skill level 9 in Long Blades
  4307 | D:6      | Reached skill level 5 in Dodging
  4450 | D:6      | Found a broken altar of Ashenzari.
  4476 | D:6      | Found Foog's Assorted Antiques.
  4489 | D:6      | Reached XP level 9. HP: 67/78 MP: 5/7
  4516 | D:6      | Bought a runed scale mail for 189 gold pieces
  4530 | D:6      | Noticed Sigmund
  4557 | D:6      | Killed Sigmund
  4591 | D:6      | Noticed Blork the orc
  4596 | D:6      | Killed Blork the orc
  4744 | D:6      | Found a staircase to the Ecumenical Temple.
  5249 | D:7      | Found a hide-covered altar of Uskayaw.
  5332 | D:7      | Noticed a troll
  5340 | D:7      | Killed a troll
  5341 | D:7      | Reached skill level 10 in Long Blades
  5463 | D:7      | Found a runed translucent door.
  5464 | D:7      | Noticed hgbash's ghost (novice DsCj)
  5564 | D:7      | You fall into a shaft and drop 2 floors!
  6073 | D:8      | Identified the +0 leather armour "Roevuxaf" {Regen+ Str+3
                  | Dex+3}
  6167 | D:8      | Reached ***** piety under Trog
  6225 | D:8      | Reached XP level 10. HP: 86/86 MP: 8/8
  6562 | D:7      | Lost mutation: Your magical capacity is low. (-10% MP)
                  | [potion of mutation]
  6562 | D:7      | Lost mutation: You passively map a small area around you.
                  | [potion of mutation]
  6562 | D:7      | Gained mutation: You tend to lose your temper in combat.
                  | [potion of mutation]
  6562 | D:7      | Gained mutation: You have supernaturally acute eyesight.
                  | (SInv) [potion of mutation]
  6659 | D:7      | Noticed Maggie
  6831 | D:9      | Found a shimmering altar of Xom.
  6831 | D:9      | Found a white marble altar of Elyvilon.
  6838 | D:9      | Found a burning altar of Makhleb.
  6840 | D:9      | Found a faded altar of an unknown god.
  6842 | D:9      | Found a shimmering blue altar of Sif Muna.
  6922 | D:9      | Reached skill level 11 in Long Blades
  6926 | D:9      | Found a hazy altar of Hepliaklqana.
  7141 | D:9      | Reached skill level 5 in Shields
  7314 | D:10     | Entered Level 10 of the Dungeon
  7441 | D:10     | Found a staircase to the Orcish Mines.
  7519 | D:10     | Reached skill level 12 in Long Blades
  7543 | D:10     | Received a gift from Trog
  7577 | D:10     | Found an ancient bone altar of Kikubaaqudgha.
  7597 | D:10     | Reached XP level 11. HP: 97/97 MP: 10/10
  7727 | D:10     | Found a large runed translucent door.
  7735 | D:10     | Found a large runed translucent door.
  7737 | D:10     | Noticed a deep elf pyromancer
  7743 | D:10     | Found a large runed translucent door.
  7743 | D:10     | Found a large runed translucent door.
  7905 | D:10     | Noticed a two-headed ogre
  7909 | D:10     | Killed a two-headed ogre
  7986 | D:10     | Reached skill level 13 in Long Blades
  8200 | D:10     | Found Lukloteo's Weapon Emporium.
  8293 | D:10     | Noticed a two-headed ogre
  8295 | D:10     | Noticed a brown ugly thing
  8303 | D:10     | Killed a two-headed ogre
  8308 | D:10     | Killed a brown ugly thing
  9177 | D:7      | Killed Maggie
  9829 | D:10     | Reached skill level 10 in Fighting
 10273 | D:11     | Noticed a boulder beetle
 10316 | D:10     | Mangled by a boulder beetle

Illustrated notes

Levels and vault maps discovered:
D:1:      grunt_arrival_lava_bath, layout_loops_ring,
          hellmonk_ecumenical_altar_blasted
D:2:      layout_basic, serial_shops, shop_fountains, minmay_lizard_pond
D:3:      layout_loops_ring, uniq_natasha, uniq_ijyb
D:4:      layout_cave_pools, dk_yredelemnul_ordeal, lemuel_tele_altar,
          gammafunk_ghost_cemetery, chequers_serial_rivers_marsh
D:5:      layout_basic, minivault_24, kennysheep_generic_room_16
D:6:      layout_rooms, nicolae_ashenzari_skybound, temple_statues,
          serial_shops, shop, uniq_sigmund, uniq_blork_the_orc
D:7:      layout_cave_pools, nicolae_uskayaw_murder_on_the_dancefloor,
          serial_column_ruins, column_ruins_corridor_corner,
          column_ruins_columns_dead_end, column_ruins_open_tiny,
          ebering_ghost_reflecting_pool, minmay_misc_feat_square, uniq_maggie
D:8:      layout_rooms, serial_bayou_crossing
D:9:      layout_roguey, chequers_temple_overflow_minitemple,
          nicolae_overflow_hidden_temple
D:10:     layout_stronghold, lemuel_mausoleum_altar_kikubaaqudgha, orc_0_dummy,
          serial_shops, nicolae_shop_temple_entry_statues_fountains,
          minmay_hollow_rounded_squares
D:11:     layout_long_grid, grunt_lair_entry_orc_guard_hut,
          ebering_ghost_disaster_area, hangedman_decor_diamond_cutter,
          minmay_statues_item, uniq_urug

Skill      XL: |  1  2  3  4  5  6  7  8  9 10 11 |
---------------+----------------------------------+-----
Fighting       | 4 5 6 7 9 10 | 10.1
Long Blades    | 4 5 6 7 8 9 10 12 13 | 13.4
Dodging        | 3 4 5 6 7 8 |  8.0
Stealth        | 1 2 |  2.4
Armour         | 3 6 7 8 9 |  9.7
Shields        | 2 3 4 5 6 |  6.4

Action                   |  1- 3 |  4- 6 |  7- 9 | 10-12 || total
-------------------------+-------+-------+-------+-------++-------
Melee: Falchion          |    74 |   122 |   107 |       ||   303
       Headbutt          |    21 |    25 |    45 |    48 ||   139
       Scimitar          |       |       |   103 |   206 ||   309
Invok: Berserk           |     3 |     5 |    14 |    11 ||    33
       Trog's Hand       |     1 |       |       |     1 ||     2
  Use: Scroll            |     3 |     6 |     7 |     1 ||    17
       Potion            |       |     1 |     2 |     3 ||     6
 Stab: Sleeping          |       |     2 |       |       ||     2
Armor: Animal skin       |    19 |    16 |       |       ||    35
       Scale mail        |       |    29 |   118 |   110 ||   257
       Chain mail        |       |       |     9 |       ||     9
Dodge: Dodged            |    54 |    66 |   111 |    80 ||   311
Block: Buckler           |       |    11 |    38 |    36 ||    85
       Rpst.: Falchion   |    10 |    25 |    15 |       ||    50
       Scimitar          |       |       |    15 |    18 ||    33

Table legend: (Time is in decaauts)
 A = Elapsed time spent in this place.
 B = Non-inter-level travel time spent in this place.
 C = Inter-level travel time spent in this place.
 D = Time resting spent in this place.
 E = Time spent auto-exploring this place.
 F = Levels seen in this place.
 G = Mean time per level.
                   A        B        C        D        E       F      G
               +--------+--------+--------+--------+--------+-----+--------+
         Total |  10619 |   7773 |   2846 |   1458 |   4448 |  11 |  965.4 |
       Dungeon |  10619 |   7773 |   2846 |   1458 |   4448 |  11 |  965.4 |
               +--------+--------+--------+--------+--------+-----+--------+

Top non-repeatable levels by time:
    D:10: 2032 daAuts
     D:2: 1336 daAuts
     D:5: 1275 daAuts
     D:9: 1064 daAuts
     D:7: 1020 daAuts
     D:8: 995 daAuts
     D:3: 802 daAuts
     D:6: 762 daAuts
     D:4: 620 daAuts
     D:1: 606 daAuts
    D:11: 102 daAuts
